 Dungeon Crawl Stone Soup version 0.31-a0-881-ge136f0c47a (webtiles) character file.

Game seed: 12240048640906375104

1078 gruber the Thaumaturge (level 8, -7/41 HPs)
             Began as a Deep Elf Earth Elementalist on Oct 15, 2023.
             Mangled by Maggie
             ... wielding a +0 war axe
              (16 damage)
             ... on level 6 of the Dungeon.
             The game lasted 00:06:12 (5277 turns).

gruber the Thaumaturge (DEEE)                       Turns: 5277, Time: 00:06:13

Health: -7/41      AC:  4    Str:  5    XL:     8   Next: 8%
Magic:  16/22      EV: 12    Int: 23    God:
Gold:   77         SH:  0    Dex: 15    Spells: 15/23 levels left

rFire   . . .        d - +1 dagger (protect)
rCold   . . .        (no shield)
rNeg    . . .        a - +0 robe
rPois   .            k - +0 helmet
rElec   .            (no cloak)
rCorr   .            (no gloves)
SInv    .            r - +0 pair of boots
Will    .....        (no amulet)
Stlth   ++           (no ring)
HPRegen 0.26/turn    (no ring)
MPRegen 0.18/turn

%: no passive effects
@: no status effects
A: no striking features
a: no special abilities


You were on level 6 of the Dungeon.
You visited 1 branch of the dungeon, and saw 6 of its levels.

You collected 252 gold pieces.
You spent 175 gold pieces at shops.

Inventory:

Hand Weapons
 b - the +2 dagger "Nufuclan" {spect, rC+ MP+9 Int-4}
   (You bought it in a shop on level 5 of the Dungeon)

   Int-4:     It affects your intelligence (-4).
   rC+:       It protects you from cold.
   MP+9:      It affects your magic capacity (+9).
 d - a +1 dagger of protection (weapon)
 g - a +2 dagger of pain
Armour
 a - a +0 robe (worn)
 k - a +0 helmet (worn)
 r - a +0 pair of boots (worn)
Scrolls
 c - 2 scrolls of noise {unknown}
 f - 2 scrolls of enchant armour {unknown}
 h - 2 scrolls of fear {unknown}
 i - 2 scrolls of identify {unknown}
 l - a scroll of revelation {unknown}
 n - a scroll of enchant weapon {unknown}
 o - 4 scrolls of fog {unknown}
 s - a scroll of immolation {unknown}
Potions
 e - a potion of curing {unknown}
 j - a potion of mutation {unknown}
 m - 3 potions of resistance {unknown}
 p - a potion of might {unknown}
 q - a potion of attraction {unknown}
 t - a potion of ambrosia {unknown}


   Skills:
 - Level 2.4 Dodging
 - Level 2.4 Stealth
 - Level 8.4 Spellcasting
 * Level 2.8 Conjurations
 - Level 1.1 Transmutations
 - Level 8.1 Earth Magic


You had 15 spell levels left.
You knew the following spells:

 Your Spells              Type           Power      Damage    Failure   Level
a - Sandblast             Erth           94%        2d19      1%          1
b - Stone Arrow           Conj/Erth      68%        3d11      2%          3
c - Brom's Barrelling Bo  Conj/Erth      34%        2d5       7%          4

Your spell library contained the following spells:

 Spells                   Type           Power      Damage    Failure   Level
 Magic Dart               Conj           88%        1d7       1%          1
 Passwall                 Tmut/Erth      25%        N/A       1%          2
 Call Imp                 Summ           18%        N/A       10%         2
 Poisonous Vapours        Pois/Air       18%        N/A       10%         2
 Petrify                  Tmut/Erth      30%        N/A       10%         4
 Mephitic Cloud           Conj/Pois/Air  14%        N/A       14%         3
 Freezing Cloud           Conj/Ice/Air   7%         6-21      77%         5


Dungeon Overview and Level Annotations

Branches:
Dungeon (6/15)
 Temple: D:4-7

Altars:

Shops:
D:5 *=(=*   D:6 (*

Annotations:
D:6 Maggie


Message History

The blast of sand hits the iguana!!
You kill the iguana!
The adder bites you.
The blast of sand hits the adder!
You kill the adder!
You can't see any susceptible monsters within range! (Use Z to cast anyway.)
You can't see any susceptible monsters within range! (Use Z to cast anyway.)
Things that are here:
an adder corpse; an iguana corpse Maggie the Vainglorious comes into view.
She is wielding a +0 war axe.
Maggie is nearby!
The blast of sand hits Maggie!
Maggie is moderately wounded.
The blast of sand hits Maggie!
Maggie is heavily wounded.
Maggie hits you with a +0 war axe!
The blast of sand hits Maggie.
Maggie is heavily wounded.
Maggie hits you with a +0 war axe!
Casting: Sandblast (safe; 1% risk of failure)
Confirm with . or Enter, or press ? or * to list all spells.
Aiming: Stone Arrow (dangerous; 2% risk of failure)
Press: ? - help, Shift-Dir - straight line, f/p - Maggie
Aim: Maggie, wielding a +0 war axe and wearing +0 steam dragon scales (heavily wounded, 74% to hit)
The stone arrow hits Maggie!
Maggie is severely wounded.
Maggie gestures at you while chanting. The bolt of fire hits you!
* * * LOW HITPOINT WARNING * * *
Unknown command.
You are too injured to fight recklessly!
Casting: Stone Arrow (dangerous; 2% risk of failure)
Confirm with . or Enter, or press ? or * to list all spells.
Aiming: Sandblast (safe; 1% risk of failure)
Press: ? - help, Shift-Dir - straight line, f/p - Maggie
Aim: Maggie, wielding a +0 war axe and wearing +0 steam dragon scales (severely wounded, 85% to hit)
The blast of sand hits Maggie!
Maggie is almost dead.
Maggie barely misses you. Maggie hits you with a +0 war axe!
You die...

..## ###..##### #........#
####........#####
................#
................#
......@.........#
#@........# #.........#
#.........# #####....##
#.†### #......# ######.##
#......# #...##..#
###......#####.#.###.#####
........#.......# #.....#


You could see Maggie.

Vanquished Creatures
  Sigmund (D:2)
  An ice beast (D:5)
  An ogre (D:5)
  2 scorpions
  2 hounds
  An orc priest (D:5)
  A gnoll bouda (D:5)
  2 jellies
  2 iguanas
  Jessica (D:2)
  An orc wizard (D:5)
  Natasha (thrice) (D:2)
  5 gnolls (D:5)
  12 adders
  A white imp (D:5)
  A worm (D:4)
  A dart slug (D:3)
  8 orcs
  11 endoplasms
  3 giant cockroaches
  8 goblins
  6 hobgoblins
  5 jackals (D:4)
  10 kobolds
  5 quokkas
  7 ball pythons
  8 bats
  6 frilled lizards
  6 rats
121 creatures vanquished.

Notes
Turn   | Place    | Note
-------+----------+-------------------------------------------
     0 | D:1      | gruber the Deep Elf Earth Elementalist began the quest for
                  | the Orb.
     0 | D:1      | Reached XP level 1. HP: 10/10 MP: 6/6
   300 | D:1      | Reached XP level 2. HP: 15/15 MP: 5/8
   895 | D:1      | Reached XP level 3. HP: 19/19 MP: 6/9
  1206 | D:2      | Noticed Sigmund
  1307 | D:1      | Learned a level 3 spell: Stone Arrow
  1328 | D:2      | Reached skill level 5 in Earth Magic
  1553 | D:2      | Noticed Natasha
  1557 | D:2      | Killed Natasha
  1558 | D:2      | Reached XP level 4. HP: 11/24 MP: 7/10
  1623 | D:2      | Noticed Natasha
  1631 | D:2      | Killed Natasha
  1653 | D:2      | Noticed Jessica
  1656 | D:2      | Killed Jessica
  1657 | D:2      | Reached XP level 5. HP: 28/28 MP: 8/11
  1657 | D:2      | Noticed Natasha
  1661 | D:2      | Killed Natasha
  1742 | D:2      | Learned a level 4 spell: Brom's Barrelling Boulder
  1758 | D:2      | Killed Sigmund
  1759 | D:2      | Reached XP level 6. HP: 17/32 MP: 8/12
  2280 | D:3      | Found a faded altar of an unknown god.
  3577 | D:4      | Reached skill level 5 in Spellcasting
  3577 | D:4      | Reached XP level 7. HP: 36/36 MP: 12/16
  3940 | D:5      | Entered Level 5 of the Dungeon
  4107 | D:5      | Found Ysmatoh's Weapon Shoppe.
  4107 | D:5      | Found Sumim's Jewellery Emporium.
  4115 | D:5      | Found Wohite's Jewellery Shop.
  4369 | D:5      | Found Xemy's Assorted Antiques.
  4638 | D:5      | Found Peuwk's Assorted Antiques.
  4755 | D:5      | Bought a slimy dagger for 175 gold pieces
  4755 | D:5      | Identified the +2 dagger "Nufuclan" {spect, rC+ MP+9 Int-4}
                  | (You bought it in a shop on level 5 of the Dungeon)
  5065 | D:6      | Reached skill level 1 in Conjurations
  5072 | D:6      | Found Geewnum's Assorted Antiques.
  5088 | D:6      | Reached XP level 8. HP: 37/41 MP: 19/22
  5147 | D:6      | Found Pomuw's Antique Weapon Emporium.
  5269 | D:6      | Noticed Maggie
  5277 | D:6      | Mangled by Maggie

Illustrated notes

Levels and vault maps discovered:
D:1:      dpeg_arrival_refuge, layout_basic
D:2:      layout_rooms, uniq_jessica, uniq_natasha, uniq_sigmund
D:3:      layout_basic, chequers_ecumenical_altar_island,
          minmay_misc_feat_more_columns, kennysheep_generic_room_11
D:4:      layout_loops_corners, saegor_snake_ambush
D:5:      layout_basic, serial_shops, shop_statue,
          nicolae_shop_advertising_works [nicolae_subvault_shop_adworks], shop,
          nicolae_shop_gibbet_a_chance, nicolae_square_shop
D:6:      layout_basic, zin_purify, serial_shops, shop, shop, shop,
          nicolae_shop_back_alley_shop, shop, minmay_three_doors, uniq_maggie

Skill      XL: |  1  2  3  4  5  6  7 |
---------------+----------------------+-----
Earth Magic    | 4 5 6 7 8 |  8.1
Spellcasting   | 5 8 |  8.4
Conjurations   | 2 |  2.8
Dodging        | |  2.4
Stealth        | |  2.4
Transmutations | |  1.1

Action                     |  1- 3 |  4- 6 |  7- 9 || total
---------------------------+-------+-------+-------++-------
  Melee: Dagger            |       |     1 |     1 ||     2
         Punch             |       |       |     1 ||     1
   Cast: Sandblast         |    60 |    56 |    53 ||   169
         Stone Arrow       |       |       |     2 ||     2
    Use: Potion            |       |       |     1 ||     1
 Armour: Robe              |     9 |     8 |    16 ||    33
  Dodge: Dodged            |     9 |     7 |    13 ||    29

Table legend: (Time is in decaauts)
 A = Elapsed time spent in this place.
 B = Non-inter-level travel time spent in this place.
 C = Inter-level travel time spent in this place.
 D = Time resting spent in this place.
 E = Time spent auto-exploring this place.
 F = Levels seen in this place.
 G = Mean time per level.
                   A        B        C        D        E       F      G
               +--------+--------+--------+--------+--------+-----+--------+
         Total |   5394 |   5174 |    220 |     70 |   4339 |   6 |  899.0 |
       Dungeon |   5394 |   5174 |    220 |     70 |   4339 |   6 |  899.0 |
               +--------+--------+--------+--------+--------+-----+--------+

Top non-repeatable levels by time:
     D:1: 1319 daAuts
     D:5: 1141 daAuts
     D:4: 1111 daAuts
     D:3: 801 daAuts
     D:2: 801 daAuts
     D:6: 219 daAuts
